 Dungeon Crawl Stone Soup version 0.29-a0-857-g9b1aa3ac5b (webtiles) character file.

Game seed: 2215119626980398346

2411 xian the Skirmisher (level 9, 0/46 HPs)
             Began as a Spriggan Hunter on July 16, 2022.
             Succumbed to a killer bee's poison
             ... on level 7 of the Dungeon.
             The game lasted 00:17:16 (6350 turns).

xian the Skirmisher (Spriggan Hunter)               Turns: 6350, Time: 00:17:17

Health: 0/46       AC:  5    Str:  9    XL:     9   Next: 23%
Magic:  10/10      EV: 20    Int: 13    God:
Gold:   262        SH:  0    Dex: 18    Spells: 8/8 levels left

rFire   + . .      SeeInvis +   o - +2 dagger (venom)
rCold   x . .      Faith    .   (no shield)
rNeg    . . .      Spirit   .   N - +2 robe {Will+}
rPois   .          Reflect  .   (helmet restricted)
rElec   .          Harm     .   d - +0 cloak
rCorr   .          Rampage  .   (gloves unavailable)
Will    +++..                   (boots unavailable)
Stlth   +++.......              (no amulet)
HPRegen 0.15/turn               f - ring of willpower
MPRegen 0.12/turn               h - ring of fire

@: lethally poisoned (0 -> -6), very quick
A: very small, no large weapons, unfitting armour, see invisible, speed 3
a: no special abilities


You were on level 7 of the Dungeon.
You visited 2 branches of the dungeon, and saw 8 of its levels.

You collected 376 gold pieces.
You spent 114 gold pieces at shops.

Inventory:

Hand Weapons
 a - a +0 shortbow of flaming
 o - a +2 dagger of venom (weapon)
Missiles
 B - 4 throwing nets
 D - 5 boomerangs
 M - 5 poisoned darts
Armour
 d - a +0 cloak (worn)
 E - a +0 scale mail
 N - a +2 robe of willpower (worn)
Jewellery
 f - a ring of willpower (left hand)
 h - a ring of fire (right hand)
 w - a +6 ring of dexterity
Wands
 G - a wand of acid (6)
 H - a wand of flame (10)
 I - a wand of digging (4)
Scrolls
 b - 2 scrolls of immolation
 g - 3 scrolls of fear
 i - 4 scrolls of teleportation
 n - a scroll of poison
 p - a scroll of brand weapon
 q - a scroll of magic mapping
 r - a scroll of enchant armour
 s - a scroll of enchant weapon
 u - a scroll of silence {unknown}
 x - a scroll of noise {unknown}
 y - a scroll of fog {unknown}
 A - 2 scrolls of amnesia
 F - a scroll of vulnerability {unknown}
 L - a scroll of acquirement {unknown}
Potions
 e - a potion of flight {unknown}
 j - a potion of haste {unknown}
 k - a potion of lignification {unknown}
 l - a potion of brilliance {unknown}
 m - 2 potions of berserk rage {unknown}
 t - 3 potions of heal wounds {unknown}
 v - 2 potions of ambrosia {unknown}
 z - 2 potions of curing {unknown}
 C - a potion of invisibility {unknown}
 J - 2 potions of resistance {unknown}
 K - a potion of attraction {unknown}


   Skills:
 + Level 4.5 Fighting
 + Level 0.1 Short Blades
 + Level 11.2 Ranged Weapons
 + Level 5.4 Dodging
 + Level 3.6 Stealth


You had 8 spell levels left.
You didn't know any spells.
Your spell library contained the following spells:

 Spells                   Type           Power      Damage    Failure   Level
 Blink                    Tloc           0%         N/A       43%         2
 Ozocubu's Armour         Ice            0%         N/A       67%         3
 Manifold Assault         Tloc           0%         N/A       100%        5
 Ozocubu's Refrigeration  Ice            0%         4d5       100%        7
 Storm Form               Tmut/Air       0%         N/A       100%        7


Dungeon Overview and Level Annotations

Branches:
Dungeon (7/15)             Temple (1/1) D:4

Altars:
Ashenzari
Cheibriados
Dithmenos
Elyvilon
Kikubaaqudgha
Makhleb
Qazlal
Sif Muna
Trog
Uskayaw
Zin
The Shining One

Shops:
D:2 [   D:7 ([

Annotations:
D:5 2 runed translucent doors, bande's ghost, novice GrFi


Innate Abilities, Weirdness & Mutations

You are very small and have problems with some larger weapons.
You are too small for most types of armour.
You have supernaturally acute eyesight. (SInv)
You cover ground extremely quickly. (Speed+++)


Message History

The killer bee misses you.
You miss the killer bee. The killer bee closely misses you.
The killer bee stings you but does no damage.
You hit the killer bee.
The killer bee is poisoned.
The killer bee is lightly wounded.
The killer bee barely misses you. The killer bee completely misses you.
You hit the killer bee.
The killer bee looks as sick as possible!
The killer bee is heavily wounded.
You kill the killer bee!
The killer bee misses you.
You hit the killer bee but do no damage.
The killer bee is poisoned.
The killer bee completely misses you. The killer bee barely misses you.
You hit the killer bee.
The killer bee looks as sick as possible!
The killer bee is moderately wounded.
The killer bee stings you. The killer bee misses you.
The killer bee buzzes angrily.
You hit the killer bee.
You kill the killer bee!
The killer bee stings you but does no damage.
You closely miss the killer bee. The killer bee stings you!
* * * LOW HITPOINT WARNING * * *
You are lethally poisoned!
The killer bee poisons you! The killer bee completely misses you.
You hit the killer bee.
The killer bee is poisoned.
The killer bee is moderately wounded.
* * * LOW HITPOINT WARNING * * *
You feel very sick. The killer bee misses you.
The killer bee barely misses you.
You hit the killer bee.
The killer bee is heavily wounded.
* * * LOW HITPOINT WARNING * * *
You feel sick.
The killer bee stings you but does no damage.
The killer bee completely misses you.
You miss the killer bee.
The killer bee is almost dead.
You die...

#....).................
####.....###.........#.
....)..### #...........
.......#####.........## .
..........##.........## .y
..)........#..<........
...
(...................###..#
........##......##### y.
........##......@yy.#.#
........##......###...#
##.##...........# ##...#
#.....|........# .#.#
##...####+##'##+### ##.#
.#.#.##.....#.....# #
......#.....#.....#
......'##'##'##+##+
#.#.###..#.....#


You could see 2 killer bees.

Vanquished Creatures
  Sigmund (D:5)
  2 water moccasins (D:5)
  A sky beast (D:6)
  An ice beast (D:5)
  4 black bears
  A phantom (D:6)
  3 scorpions
  2 water moccasin zombies (D:6)
  A wyvern zombie (D:6)
  2 water moccasin skeletons (D:6)
  4 killer bees (D:7)
  A howler monkey (D:6)
  3 orc priests
  4 bullfrog zombies (D:6)
  4 hounds
  2 bullfrog skeletons (D:6)
  2 gnoll boudas
  Jessica (D:2)
  2 iguanas
  An orc wizard (D:7)
  3 howler monkey zombies (D:6)
  7 gnolls (D:5)
  6 adders
  2 shadow imps
  An ufetubus (D:5)
  A dart slug (D:1)
  11 orcs
  7 endoplasms
  7 goblins
  2 hobgoblins (D:2)
  4 jackals (D:3)
  4 kobolds
  4 quokkas
  4 ball pythons
  2 bats
  A frilled lizard (D:1)
  A rat (D:3)
109 creatures vanquished.

Notes
Turn   | Place    | Note
-------+----------+-------------------------------------------
     0 | D:1      | xian the Spriggan Hunter began the quest for the Orb.
     0 | D:1      | Reached XP level 1. HP: 10/10 MP: 2/2
   291 | D:1      | Reached XP level 2. HP: 15/15 MP: 3/3
   357 | D:1      | Found a faded altar of an unknown god.
   656 | D:2      | Found Ocobluh's Antique Armour Shoppe.
   859 | D:2      | Noticed Jessica
   860 | D:2      | Killed Jessica
   861 | D:2      | Reached skill level 5 in Ranged Weapons
   861 | D:2      | Reached XP level 3. HP: 18/18 MP: 4/4
  1597 | D:3      | Reached XP level 4. HP: 23/23 MP: 5/5
  1761 | D:4      | Noticed a black bear
  1776 | D:4      | Killed a black bear
  1777 | D:4      | Reached skill level 6 in Ranged Weapons
  1777 | D:4      | Reached XP level 5. HP: 9/26 MP: 6/6
  1988 | D:4      | Found a hide-covered altar of Uskayaw.
  2072 | D:4      | Found a staircase to the Ecumenical Temple.
  2106 | D:4      | Found a bloodstained altar of Trog.
  2328 | D:4      | Reached XP level 6. HP: 30/32 MP: 7/7
  2498 | D:5      | Entered Level 5 of the Dungeon
  2548 | D:4      | Reached skill level 7 in Ranged Weapons
  2693 | Temple   | Entered the Ecumenical Temple
  3103 | D:5      | Noticed Sigmund
  3114 | D:5      | Killed Sigmund
  3115 | D:5      | Reached XP level 7. HP: 36/36 MP: 8/8
  3501 | D:5      | Reached skill level 8 in Ranged Weapons
  3852 | D:5      | Reached XP level 8. HP: 29/40 MP: 9/9
  4012 | D:5      | Reached skill level 9 in Ranged Weapons
  4022 | D:5      | Found a large runed translucent door.
  4022 | D:5      | Found a large runed translucent door.
  4042 | D:5      | Noticed bande's ghost (novice GrFi)
  4191 | D:5      | Found a burning altar of Makhleb.
  4191 | D:5      | Noticed a green death
  4194 | D:5      | Noticed a smoke demon
  4777 | D:5      | Reached skill level 10 in Ranged Weapons
  5073 | D:6      | Reached skill level 5 in Dodging
  5637 | D:6      | Reached XP level 9. HP: 45/45 MP: 10/10
  5806 | D:6      | Reached skill level 11 in Ranged Weapons
  6017 | D:7      | Found a stormy altar of Qazlal.
  6067 | D:7      | Found Usoakecw's Weapon Shop.
  6279 | D:7      | Found Icsieh's Antique Armour Shoppe.
  6291 | D:7      | Bought a runed robe for 114 gold pieces
  6349 | D:7      | HP: 2/46 [poisoned by a killer bee]
  6350 | D:7      | Succumbed to a killer bee's poison

Illustrated notes

Levels and vault maps discovered:
D:1:      dpeg_arrival_windows_large_door, layout_loops_ring,
          shapermc_ecumenical_altar_mp_urbaneastern
D:2:      layout_loops_ring, serial_shops, shop, uniq_jessica
D:3:      layout_basic, serial_forest, infiniplex_forest_end_double,
          infiniplex_forest_lined_corner, infiniplex_forest_lined_room_,
          infiniplex_forest_lined_3, infiniplex_forest_corner_1,
          infiniplex_forest_lined_3_way
D:4:      layout_rooms, lemuel_round_altar, bloody_trog, temple_fountains
D:5:      layout_loops_cross, makhleb_altar_promises_db,
          ebering_ghost_disaster_area, lemuel_flame_loot_1, uniq_sigmund
D:6:      layout_basic, serial_undead, serial_undead_f, serial_undead_e,
          serial_undead_c, serial_undead_f, serial_undead_f, serial_undead_d
D:7:      layout_rooms, regret_index_temple_of_mockery,
          nzn_wu_jian_council_hall, lemuel_tele_altar,
          mainiacjoe_overflow_24_doors, fedhas_altar_3, serial_shops,
          nicolae_shop_bloodbath_and_beyond, shop, nicolae_shop_window_shopping,
          uniq_pikel
Temple:   hellmonk_temple_forest_ring

Skill      XL: |  1  2  3  4  5  6  7  8  9 |
---------------+----------------------------+-----
Ranged Weapons | 5 6 7 8 10 11 | 11.2
Fighting       | 2 3 4 |  4.5
Dodging        | 3 4 5 |  5.4
Stealth        | 2 3 |  3.6
Short Blades   | |  0.1

Action                   |  1- 3 |  4- 6 |  7- 9 || total
-------------------------+-------+-------+-------++-------
Melee: Dagger            |       |     9 |    23 ||    32
       Punch             |       |     1 |     1 ||     2
 Fire: Shortbow          |    51 |    71 |   273 ||   395
  Use: Scroll            |     5 |       |     5 ||    10
Armor: Robe              |     1 |     3 |    14 ||    18
Dodge: Dodged            |     4 |    25 |   159 ||   188

Table legend: (Time is in decaauts)
 A = Elapsed time spent in this place.
 B = Non-inter-level travel time spent in this place.
 C = Inter-level travel time spent in this place.
 D = Time resting spent in this place.
 E = Time spent auto-exploring this place.
 F = Levels seen in this place.
 G = Mean time per level.
                   A        B        C        D        E       F      G
               +--------+--------+--------+--------+--------+-----+--------+
         Total |   4770 |   4656 |    114 |    450 |   3194 |   8 |  596.2 |
       Dungeon |   4673 |   4568 |    105 |    450 |   3114 |   7 |  667.6 |
        Temple |     96 |     87 |      9 |      0 |     79 |   1 |   96.0 |
               +--------+--------+--------+--------+--------+-----+--------+

Top non-repeatable levels by time:
     D:6: 1134 daAuts
     D:5: 1119 daAuts
     D:4: 990 daAuts
     D:2: 406 daAuts
     D:1: 356 daAuts
     D:3: 350 daAuts
     D:7: 316 daAuts
  Temple: 96 daAuts
